 Dungeon Crawl Stone Soup version 0.30-a0-1094-g860fb061e7 (webtiles) character file.

Game seed: 3049009556358182902

146 retardedninja the Firebug (level 5, -1/37 HPs)
             Began as a Gnoll Fire Elementalist on Apr 17, 2023.
             Killed from afar by an orc wizard (5 damage)
             ... with a magic dart
             ... on level 6 of the Dungeon.
             The game lasted 00:07:52 (3156 turns).

retardedninja the Firebug (Gnoll Fire Elementalist) Turns: 3156, Time: 00:07:52

Health: -1/37      AC:  4    Str:  8    XL:     5   Next: 28%
Magic:  8/12       EV: 13    Int: 16    God:
Gold:   220        SH:  0    Dex: 12    Spells: 11/14 levels left

rFire   . . .      SeeInvis .    r - +0 war axe
rCold   . . .      Faith    .    (no shield)
rNeg    . . .      Spirit   .    a - +0 robe
rPois   .          Reflect  .    g - +0 helmet
rElec   .          Rampage  .    s - +0 cloak
rCorr   .                        (no gloves)
Will    +....                    (no boots)
Stlth   +++                      (no amulet)
HPRegen 0.26/turn                (no ring)
MPRegen 0.13/turn                (no ring)

@: attractive
A: fangs 1, strong nose, distributed training, strong-willed 1, subdued magic 1
a: no special abilities


You were on level 6 of the Dungeon.
You visited 1 branch of the dungeon, and saw 6 of its levels.

You collected 220 gold pieces.

Inventory:

Hand Weapons
 r - a +0 war axe (weapon)
Missiles
 h - 4 atropa-tipped darts
 m - 2 throwing nets
Armour
 a - a +0 robe (worn)
 g - a +0 helmet (worn)
 s - a +0 cloak (worn)
Jewellery
 q - an amulet of faith
Wands
 n - a wand of paralysis (10)
Scrolls
 c - a scroll of poison {unknown}
 f - a scroll of identify {unknown}
 i - a scroll of teleportation {unknown}
 o - a scroll of vulnerability {unknown}
 p - a scroll of enchant armour {unknown}
 t - a scroll of torment {unknown}
Potions
 b - a potion of magic
 d - 2 potions of attraction
 e - a potion of curing {unknown}
 k - a potion of haste {unknown}
 l - a potion of heal wounds {unknown}


   Skills:
 + Level 1.5 Fighting
 + Level 1.5 Short Blades
 + Level 1.5 Long Blades
 + Level 1.5 Axes
 + Level 1.5 Maces & Flails
 + Level 1.5 Polearms
 + Level 1.5 Staves
 + Level 1.5 Ranged Weapons
 + Level 1.5 Throwing
 + Level 1.5 Armour
 + Level 4.8 Dodging
 + Level 4.4 Stealth
 + Level 1.5 Shields
 + Level 1.5 Unarmed Combat
 + Level 5.2 Spellcasting
 + Level 2.4 Conjurations
 + Level 1.2 Hexes
 + Level 1.2 Summonings
 + Level 1.2 Necromancy
 + Level 1.2 Translocations
 + Level 1.2 Transmutations
 + Level 5.5 Fire Magic
 + Level 1.2 Ice Magic
 + Level 1.2 Air Magic
 + Level 1.2 Earth Magic
 + Level 1.2 Poison Magic
 + Level 1.7 Invocations
 + Level 1.5 Evocations


You had 11 spell levels left.
You knew the following spells:

 Your Spells              Type           Power      Damage    Failure   Level
a - Foxfire               Conj/Fire      52%        2x1d6     2%          1
b - Scorch                Fire           32%        2d6       1%          2

Your spell library contained the following spells:

 Spells                   Type           Power      Damage    Failure   Level
 Beastly Appendage        Tmut           12%        N/A       7%          1
 Inner Flame              Hex/Fire       11%        N/A       9%          3
 Volatile Blastmotes      Fire/Tloc      22%        2d11      9%          3
 Wereblood                Tmut           6%         N/A       12%         2
 Ozocubu's Armour         Ice            6%         N/A       22%         3
 Spider Form              Tmut/Pois      6%         N/A       22%         3
 Flame Wave               Conj/Fire      13%        2d6       24%         4
 Ozocubu's Refrigeration  Ice            3%         4d8       100%        7


Dungeon Overview and Level Annotations

Branches:
Dungeon (6/15)
 Temple: D:4-7

Altars:
Dithmenos
Uskayaw

Shops:
D:1 ?   D:2 =(


Innate Abilities, Weirdness & Mutations

You have very sharp teeth.
Your uncanny sense of smell can sniff out nearby items.
Your experience applies equally to all skills.
You are strong-willed. (Will+)
Your spells are a little easier to cast, but a little less powerful.


Message History

It was a potion of attraction.
You feel attractive to monsters. Something hits you but does no damage.
You bump into the rock wall.
Something completely misses you. The iguana is attracted toward you.
You barely miss something. Something hits you but does no damage.
Something barely misses you.
You hear some strange, mumbled words.
A puff of flame appears from out of thin air!
The puff of flame hits you. Something is attracted toward you.
The iguana is attracted toward you.
You bump into the rock wall.
Something hits you but does no damage.
You bump into the rock wall.
Something hits you.
You miss something.
You feel less confused. Something hits you.
You hear some strange, mumbled words.
A puff of flame appears from out of thin air!
The puff of flame hits you!
* * * LOW HITPOINT WARNING * * *
Casting: Scorch (safe; 2% risk of failure)
Confirm with . or Enter, or press ? or * to list all spells.
Flames lash the iguana.
The iguana is severely wounded.
The iguana's fire resistance burns away.
You hear some strange, mumbled words.
Something tries to affect you, but you resist.
Casting: Scorch (safe; 2% risk of failure)
Confirm with . or Enter, or press ? or * to list all spells.
Flames lash the iguana.
The iguana is burned terribly!
You kill the iguana!
Something completely misses you.
Unknown command.
Unknown command.
It was a potion of mutation.
You feel extremely strange.
You feel strong-willed.
Your connection to magic feels subdued.
You hear some strange, mumbled words.
A magic dart appears from out of thin air!
The magic dart hits you.
You die...

#...###.#.#######
#..............
#...####..#######
#. #..######
#.....!..>
#<##...... #.#
<##### #{##.# ∆
#@...# ######


There were no monsters in sight!

Vanquished Creatures
  A scorpion (D:5)
  An iguana (D:6)
  2 adders
  3 orcs (D:3)
  3 bats
  2 endoplasms (D:1)
  A giant cockroach (D:1)
  3 hobgoblins
  2 jackals (D:1)
  7 kobolds
  A quokka (D:2)
  4 ball pythons
  7 goblins
  2 rats (D:2)
39 creatures vanquished.

Vanquished Creatures (others)
  150 foxfires
150 creatures vanquished.

Grand Total: 189 creatures vanquished

Notes
Turn   | Place    | Note
-------+----------+-------------------------------------------
     0 | D:1      | retardedninja the Gnoll Fire Elementalist began the quest
                  | for the Orb.
     0 | D:1      | Reached XP level 1. HP: 13/13 MP: 6/6
   215 | D:1      | Reached XP level 2. HP: 19/19 MP: 4/7
   290 | D:1      | Learned a level 2 spell: Scorch
   836 | D:1      | Found Vyff's Magic Scroll Shop.
  1051 | D:2      | Found Acu Tyxu's Jewellery Shop.
  1161 | D:2      | Found Xaloer's Antique Weapon Shop.
  1279 | D:2      | Reached skill level 5 in Spellcasting
  1279 | D:2      | Reached XP level 3. HP: 25/25 MP: 6/9
  1599 | D:2      | Reached skill level 1 in Invocations
  2335 | D:3      | Reached skill level 1 in Fighting
  2335 | D:3      | Reached skill level 1 in Short Blades
  2335 | D:3      | Reached skill level 1 in Long Blades
  2335 | D:3      | Reached skill level 1 in Axes
  2335 | D:3      | Reached skill level 1 in Maces & Flails
  2335 | D:3      | Reached skill level 1 in Polearms
  2335 | D:3      | Reached skill level 1 in Staves
  2335 | D:3      | Reached skill level 1 in Ranged Weapons
  2335 | D:3      | Reached skill level 1 in Throwing
  2335 | D:3      | Reached skill level 1 in Armour
  2335 | D:3      | Reached skill level 1 in Shields
  2335 | D:3      | Reached skill level 1 in Unarmed Combat
  2335 | D:3      | Reached skill level 1 in Evocations
  2355 | D:3      | Reached XP level 4. HP: 27/32 MP: 2/11
  2761 | D:3      | Found a shadowy altar of Dithmenos.
  2763 | D:3      | Found a hide-covered altar of Uskayaw.
  2879 | D:4      | You fall into a shaft and drop 2 floors!
  2889 | D:5      | Entered Level 5 of the Dungeon
  2889 | D:5      | Noticed a scorpion
  2904 | D:5      | Killed a scorpion
  2905 | D:5      | Reached skill level 1 in Hexes
  2905 | D:5      | Reached skill level 1 in Summonings
  2905 | D:5      | Reached skill level 1 in Necromancy
  2905 | D:5      | Reached skill level 1 in Translocations
  2905 | D:5      | Reached skill level 1 in Transmutations
  2905 | D:5      | Reached skill level 1 in Ice Magic
  2905 | D:5      | Reached skill level 1 in Air Magic
  2905 | D:5      | Reached skill level 1 in Earth Magic
  2905 | D:5      | Reached skill level 1 in Poison Magic
  2905 | D:5      | Reached XP level 5. HP: 16/37 MP: 4/12
  3156 | D:6      | Gained mutation: You are strong-willed. (Will+) [potion of
                  | mutation]
  3156 | D:6      | Gained mutation: Your spells are a little easier to cast,
                  | but a little less powerful. [potion of mutation]
  3156 | D:6      | Killed from afar by an orc wizard

Illustrated notes

Levels and vault maps discovered:
D:1:      dpeg_arrival_lava_altar, layout_basic, serial_shops, shop_statue
D:2:      layout_loops_cross, serial_shops, nicolae_shop_stone, shop
D:3:      wander_river, layout_loops_cross,
          chequers_temple_overflow_statue_of_worship,
          ebering_ghost_reflecting_pool
D:4:      layout_basic, minmay_temple_entry_drinking_statues,
          minmay_misc_feat_rugged
D:5:      layout_rooms, minmay_bent
D:6:      layout_loops_ring, skrybe_limestone_x

Skill      XL: |  1  2  3  4 |
---------------+-------------+-----
Conjurations   | 2 |  2.4
Spellcasting   | 5 |  5.2
Invocations    | 1 |  1.7
Fighting       | 1 |  1.5
Short Blades   | 1 |  1.5
Long Blades    | 1 |  1.5
Axes           | 1 |  1.5
Maces & Flails | 1 |  1.5
Polearms       | 1 |  1.5
Staves         | 1 |  1.5
Ranged Weapons | 1 |  1.5
Throwing       | 1 |  1.5
Armour         | 1 |  1.5
Shields        | 1 |  1.5
Unarmed Combat | 1 |  1.5
Evocations     | 1 |  1.5
Hexes          | 1 |  1.2
Summonings     | 1 |  1.2
Necromancy     | 1 |  1.2
Translocations | 1 |  1.2
Transmutations | 1 |  1.2
Ice Magic      | 1 |  1.2
Air Magic      | 1 |  1.2
Earth Magic    | 1 |  1.2
Poison Magic   | 1 |  1.2
Dodging        | |  4.8
Stealth        | |  4.4
Fire Magic     | |  5.5

Action                     |  1- 3 |  4- 6 || total
---------------------------+-------+-------++-------
  Melee: War axe           |       |     5 ||     5
   Cast: Foxfire           |    82 |    11 ||    93
         Scorch            |     5 |     4 ||     9
    Use: Potion            |       |     2 ||     2
 Armour: Robe              |     3 |     8 ||    11
  Dodge: Dodged            |     7 |     9 ||    16

Table legend: (Time is in decaauts)
 A = Elapsed time spent in this place.
 B = Non-inter-level travel time spent in this place.
 C = Inter-level travel time spent in this place.
 D = Time resting spent in this place.
 E = Time spent auto-exploring this place.
 F = Levels seen in this place.
 G = Mean time per level.
                   A        B        C        D        E       F      G
               +--------+--------+--------+--------+--------+-----+--------+
         Total |   3179 |   3115 |     64 |    212 |   2470 |   6 |  529.8 |
       Dungeon |   3179 |   3115 |     64 |    212 |   2470 |   6 |  529.8 |
               +--------+--------+--------+--------+--------+-----+--------+

Top non-repeatable levels by time:
     D:2: 1039 daAuts
     D:1: 1010 daAuts
     D:3: 791 daAuts
     D:5: 240 daAuts
     D:4: 59 daAuts
     D:6: 38 daAuts
